 Dungeon Crawl Stone Soup version 0.27.0-1-g7a089689b8 (webtiles) character file.

Game seed: 220069483423342985

2980 GnoME the Geomancer (level 9, -1/60 (61) HPs)
             Began as an Octopode Earth Elementalist on Aug 5, 2021.
             Slain by a steam dragon (2 damage)
             ... on level 7 of the Dungeon.
             The game lasted 00:21:21 (10611 turns).

GnoME the Geomancer (Octopode Earth Elementalist)  Turns: 10611, Time: 00:21:22

HP:   -1/60 (61)    AC:  1    Str:  7    XL:     9   Next: 83%
MP:   10/16         EV: 14    Int: 20    God:
Gold: 1143          SH:  0    Dex: 20    Spells: 8/18 levels left

rFire    + . .     SeeInvis .   p - +1 hand axe of Law {vorpal, Fly Dex+7}
rCold    x . .     Faith    .   (no shield)
rNeg     . . .     Spirit   .   (helmet restricted)
rPois    .         Reflect  .   (no amulet)
rElec    .         Harm     .   l - ring of fire
rCorr    .         Rampage  .   (no ring)
Will     .....                  (no ring)
Stlth    +++.......             (no ring)
HPRegen  0.20/turn              (no ring)
MPRegen  0.15/turn              (no ring)
                                (no ring)
                                (no ring)

@: flying, slowed, lightly drained, very slow
A: almost no armour, amphibious, 8 rings, camouflage 1, gelatinous body 1,
(nimble swimmer 1), tentacles
a: no special abilities


You were on level 7 of the Dungeon.
You visited 1 branch of the dungeon, and saw 8 of its levels.
You also visited: Bailey.

You collected 1143 gold pieces.

Inventory:

Hand Weapons
 n - a +1 dagger of venom
   (You took it off a goblin on level 3 of the Dungeon)
 p - the +1 hand axe of Law (weapon) {vorpal, Fly Dex+7}
   (You found it on level 7 of the Dungeon)

   It inflicts extra damage upon your enemies.
   Dex:       It affects your dexterity (+7).
   Fly:       It grants you flight.
 w - a +0 spear of venom
   (You took it off a gnoll sergeant on level 7 of the Dungeon)
Missiles
 a - 60 sling bullets
 b - 74 stones
 h - 11 poisoned darts
Armour
 x - +1 ice dragon scales
   (You found it in a bailey)
Jewellery
 l - a ring of fire (left tentacle)
   (You found it on level 5 of the Dungeon)
Wands
 u - a wand of digging (3)
   (You found it on level 6 of the Dungeon)
 y - a wand of iceblast (4)
   (You took it off a kobold brigand on level 7 of the Dungeon)
Scrolls
 e - a scroll of immolation
 i - 2 scrolls of teleportation
 k - a scroll of enchant armour
 m - 2 scrolls of blinking
 o - 2 scrolls of enchant weapon {unknown}
 q - a scroll of amnesia {unknown}
 s - a scroll of fog
Potions
 c - a potion of resistance
 d - a potion of mutation
 g - a potion of berserk rage {unknown}
 j - a potion of haste {unknown}
 r - a potion of lignification {unknown}
 t - a potion of attraction {unknown}
 v - a potion of flight {unknown}


   Skills:
 + Level 5.2 Fighting
 - Level 2.5 Dodging
 - Level 2.6 Stealth
 + Level 5.3 Spellcasting
 * Level 7.2 Conjurations
 - Level 1.8 Transmutations
 * Level 8.2 Earth Magic


You had 8 spell levels left.
You knew the following spells:

 Your Spells              Type           Power      Damage    Failure   Level
a - Sandblast             Erth           76%        2d16      1%          1
b - Stone Arrow           Conj/Erth      72%        3d11      1%          3
c - Passwall              Tmut/Erth      20%        N/A       2%          2
d - Summon Lightning Spi  Summ/Air       5%         N/A       75%         4

Your spell library contained the following spells:

 Spells                   Type           Power      Damage    Failure   Level
 Sting                    Tmut/Pois      32%        1d4       8%          1
 Summon Small Mammal      Summ           20%        N/A       12%         1
 Petrify                  Tmut/Erth      25%        N/A       14%         4
 Poisonous Vapours        Pois/Air       10%        N/A       17%         2
 Call Canine Familiar     Summ           5%         N/A       34%         3
 Portal Projectile        Hex/Tloc       10%        N/A       34%         3
 Summon Guardian Golem    Hex/Summ       5%         N/A       34%         3
 Olgreb's Toxic Radiance  Pois           5%         N/A       75%         4
 Blade Hands              Tmut           6%         N/A       83%         5
 Excruciating Wounds      Necr           2%         N/A       97%         5
 Storm Form               Tmut/Air       4%         N/A       100%        7
 Maxwell's Capacitive Co  Air            2%         ∞         100%        8


Dungeon Overview and Level Annotations

Branches:
Dungeon (8/15)             Bailey (visited)
 Temple: D:4-7         Lair: D:8-11

Altars:
Ashenzari

Annotations:
D:6 1 runed translucent door, 1 exclusion, robertstho's ghost, novice DjFE


Innate Abilities, Weirdness & Mutations

You cannot wear most types of armour.
You are amphibious.
You can wear up to eight rings at the same time.
Your skin changes colour to match your surroundings (Stealth+).
Your rubbery body absorbs attacks. (AC +1, EV +1)
((You are camouflaged near water. (Stealth+)))
You have tentacles for arms and can constrict up to eight enemies at once.


Message History

You take 4 damage, and have 41/61 hp.
You now have 5/16 mp.
Casting: Sandblast (safe; 1% risk of failure)
Confirm with . or Enter, or press ? or * to list all spells.
Aiming: Sandblast (safe; 1% risk of failure)
Press: ? - help, Shift-Dir - straight line, f/p - centaur
Aim: a centaur, quivering arrows (severely wounded, strong, 89% to hit)
The blast of sand hits the centaur!
You kill the centaur!
You now have 4/16 mp.
Unknown command.
You start resting.
A shadow imp is nearby!
You regained 3 hp, and now have 44/61 hp.
You regained 2 mp, and now have 6/16 mp.
Casting: Sandblast (safe; 1% risk of failure)
Confirm with . or Enter, or press ? or * to list all spells.
You can't see any susceptible monsters within range! (Use Z to cast anyway.)
A shadow imp is nearby!
Casting: Sandblast (safe; 1% risk of failure)
Confirm with . or Enter, or press ? or * to list all spells.
You can't see any susceptible monsters within range! (Use Z to cast anyway.)
Casting: Sandblast (safe; 1% risk of failure)
Confirm with . or Enter, or press ? or * to list all spells.
Aiming: Stone Arrow (safe; 1% risk of failure)
Press: ? - help, Shift-Dir - straight line, f - shadow imp
Aim: a shadow imp (wandering, hasn't noticed you, 71% to hit)
The stone arrow hits the shadow imp!
You kill the shadow imp!
You now have 4/16 mp.
o - 2 scrolls labelled MEITHO ISTRI (gained 1)
Things that are here:
a +0 shortbow; 21 arrows
Items here: ))) [ ††.
There is an escape hatch in the ceiling here.
You start resting.
A deep elf pyromancer is nearby!
You regained 2 hp, and now have 48/61 hp.
Press: ? - help, v - describe, . - travel
Here: a deep elf pyromancer, wielding a +0 long sword (wandering, hasn't noticed you)
The floor.
Unknown command.
A mysterious force pulls you upwards. The hatch slams shut behind you.
Level annotation: 1 runed translucent door, robertstho's ghost, novice DjFE You start resting.
HP restored.
Health restored: 61; MP restored: 16
Press: ? - help, v - describe, . - travel The floor.
Placed new exclusion.
Reduced exclusion size to a single square.
There is a stone staircase leading down here.
You fly downwards.
There is a stone staircase leading up here.
There is a stone staircase leading down here.
You fly downwards.
A steam dragon, 3 kobolds and a kobold brigand come into view.
The kobold brigand is wielding a +0 whip and quivering curare-tipped darts.
A kobold is wielding a +0 dagger and quivering poisoned darts.
A kobold is wielding a +1 dagger of draining.
Found a book of the Senses and 19 sling bullets.
There is a stone staircase leading up here.
Casting: Stone Arrow (safe; 1% risk of failure)
Confirm with . or Enter, or press ? or * to list all spells.
Aiming: Sandblast (safe; 1% risk of failure)
Press: ? - help, Shift-Dir - straight line, f - steam dragon
Aim: a steam dragon (asleep, 100% to hit)
The blast of sand hits the steam dragon.
The steam dragon is lightly wounded.
The steam dragon hisses angrily.
The kobold shouts!
The steam dragon bites you. The steam dragon claws you.
The kobold brigand shouts!
You take 3 damage, and have 58/61 hp.
You now have 15/16 mp.
Casting: Sandblast (safe; 1% risk of failure)
Confirm with . or Enter, or press ? or * to list all spells.
Aiming: Sandblast (safe; 1% risk of failure)
Press: ? - help, Shift-Dir - straight line, f/p - steam dragon
Aim: a steam dragon (lightly wounded, 82% to hit)
The blast of sand hits the steam dragon!
The steam dragon is heavily wounded.
The kobold shouts!
The steam dragon completely misses you. The steam dragon claws you.
You take 2 damage, and have 56/61 hp.
You now have 14/16 mp.
Casting: Sandblast (safe; 1% risk of failure)
Confirm with . or Enter, or press ? or * to list all spells.
Aiming: Sandblast (safe; 1% risk of failure)
Press: ? - help, Shift-Dir - straight line, f/p - steam dragon
Aim: a steam dragon (heavily wounded, 82% to hit)
You miscast Sandblast.
You are very lightly contaminated with residual magic.
Nothing appears to happen.
The steam dragon breathes steam at you. The ball of steam hits you! You resist.
You hear a bellow!
You hear a shout! x2; You hear a bellow!
You take 7 damage, and have 49/61 hp.
You now have 13/16 mp.
Casting: Sandblast (safe; 1% risk of failure)
Confirm with . or Enter, or press ? or * to list all spells.
Aiming: Sandblast (safe; 1% risk of failure)
Press: ? - help, Shift-Dir - straight line, f/p - steam dragon
Aim: a steam dragon (heavily wounded, catching its breath, 82% to hit)
The blast of sand hits the steam dragon but does no damage.
The steam dragon is heavily wounded.
The kobold brigand throws a curare-tipped dart.
The curare-tipped dart hits you.
You are poisoned.
You have difficulty breathing.
You feel yourself slow down. The kobold hits you with a +0 whip.
The kobold barely misses you. The steam dragon bites you!
The steam dragon closely misses you.
You take 22 damage, and have 27/61 hp.
MASSIVE DAMAGE!!
You now have 12/16 mp.
Unknown command.
You feel very sick.
The kobold is engulfed in a cloud of scalding steam.
The kobold dies!
The kobold hits you with a +1 dagger of draining.
You feel drained. The steam dragon bites you.
* * * LOW HITPOINT WARNING * * *
The steam dragon claws you.
* * * LOW HITPOINT WARNING * * *
You fly upwards.
You feel very sick.
There is a stone staircase leading down here.
You take 17 damage, and have 10/60 hp.
MASSIVE DAMAGE!!
Unknown command.
It was a potion of curing.
You feel better. The kobold barely misses you. The steam dragon bites you!
* * * LOW HITPOINT WARNING * * *
The steam dragon barely misses you. The steam dragon breathes steam at you.
The ball of steam misses you. The kobold misses you.
Your magical contamination has completely faded away.
Casting: Sandblast (safe; 1% risk of failure)
Confirm with . or Enter, or press ? or * to list all spells.
Aiming: Sandblast (safe; 1% risk of failure)
Press: ? - help, Shift-Dir - straight line, f - kobold
Aim: a kobold, wielding a +1 dagger of draining (77% to hit)
Okay, then.
Casting: Sandblast (safe; 1% risk of failure)
Confirm with . or Enter, or press ? or * to list all spells.
Aiming: Stone Arrow (safe; 1% risk of failure)
Press: ? - help, Shift-Dir - straight line, f - steam dragon
Aim: a steam dragon (heavily wounded, 74% to hit)
The stone arrow hits the steam dragon!
The steam dragon is almost dead.
The steam dragon breathes steam at you. The ball of steam hits you. You resist.
* * * LOW HITPOINT WARNING * * *
The kobold barely misses you.
You take 5 damage, and have 6/60 hp.
You now have 10/16 mp.
You feel better. The steam dragon bites you!
* * * LOW HITPOINT WARNING * * *
The steam dragon claws you.
You die...

......####..#......## .#
...#...#.....<...#.##..###
.###............##.......#
........#...##.[##......#
##.##<.###........##....##
#####..# #....##.........#
###....####....##..#.#...#
........# ##...K.D.###....
........## #..#.@#.#.....#
.##...#..###.#####....#
.#...##.###..#####.####
#..#.##..##....#...# ###
#.####..#..........####.##
...####.#...........##...#
....#......^...)....##...#
....#.#.#.....#.....##...##
.##...###....###)#.)......##


You could see a steam dragon (catching breath) and a kobold.

Vanquished Creatures
  2 orc knights (Bailey)
  2 orc warriors
  2 sky beasts
  A black bear (D:6)
  4 ogres
  2 centaurs (D:7)
  A phantom (D:4)
  Blork the orc (D:5)
  A kobold brigand (D:7)
  A bullfrog (D:7)
  A wyvern zombie (D:5)
  A gnoll sergeant (D:7)
  3 scorpions
  A water moccasin skeleton (D:5)
  A jelly (D:5)
  An orc priest (D:6)
  4 iguanas
  4 orc wizards
  A scorpion zombie (D:5)
  A hound skeleton (D:4)
  Robin (D:3)
  A howler monkey zombie (D:6)
  7 gnolls
  2 adders
  A shadow imp (D:7)
  3 ufetubi (D:5)
  An adder skeleton (D:4)
  3 worms
  A dart slug (D:2)
  25 orcs
  5 bats
  4 endoplasms
  A giant cockroach (D:1)
  15 goblins
  5 hobgoblins
  19 kobolds
  5 ball pythons
  3 frilled lizards
  4 rats
141 creatures vanquished.

Vanquished Creatures (others)
  A kobold (D:8)
  A plant (D:1)
2 creatures vanquished.

Grand Total: 143 creatures vanquished

Notes
Turn   | Place    | Note
-------+----------+-------------------------------------------
     0 | D:1      | GnoME the Octopode Earth Elementalist began the quest for
                  | the Orb.
     0 | D:1      | Reached XP level 1. HP: 11/11 MP: 3/3
   526 | D:1      | Found a faded altar of an unknown god.
   598 | D:1      | Reached XP level 2. HP: 9/18 MP: 1/5
  1952 | D:2      | Reached XP level 3. HP: 15/22 MP: 6/6
  2118 | D:2      | Learned a level 3 spell: Stone Arrow
  2206 | D:2      | Reached skill level 1 in Fighting
  2300 | D:2      | Found a broken altar of Ashenzari.
  2346 | D:2      | Learned a level 2 spell: Passwall
  3165 | D:3      | Reached XP level 4. HP: 10/28 MP: 1/7
  3433 | D:3      | Noticed Robin
  3621 | D:3      | Reached skill level 1 in Conjurations
  4501 | D:3      | Killed Robin
  4502 | D:3      | Reached XP level 5. HP: 17/33 MP: 1/8
  5219 | D:4      | Noticed an ogre
  5230 | D:4      | Killed an ogre
  5231 | D:4      | Reached skill level 4 in Earth Magic
  5425 | D:4      | Reached XP level 6. HP: 23/39 MP: 7/10
  6068 | D:5      | Entered Level 5 of the Dungeon
  6089 | D:5      | Reached XP level 7. HP: 36/45 MP: 8/11
  6372 | D:5      | Reached skill level 5 in Earth Magic
  6985 | D:5      | Reached XP level 8. HP: 52/52 MP: 11/13
  7372 | D:5      | Noticed Blork the orc
  7377 | D:5      | Killed Blork the orc
  7378 | D:5      | Reached skill level 6 in Earth Magic
  7722 | D:6      | Reached skill level 5 in Conjurations
  8163 | D:6      | Learned a level 4 spell: Summon Lightning Spire
  8304 | D:6      | Found a runed translucent door.
  8305 | D:6      | Noticed robertstho's ghost (novice DjFE)
  9344 | D:7      | Found a flagged portal.
  9354 | D:7      | Reached skill level 7 in Earth Magic
  9354 | D:7      | Reached XP level 9. HP: 24/59 MP: 0/15
  9382 | D:7      | Identified the +1 hand axe of Law {vorpal, Fly Dex+7}
  9513 | Bailey   | Entered a bailey
  9939 | Bailey   | Noticed an orc knight
  9939 | Bailey   | Noticed an orc knight
  9991 | Bailey   | Killed an orc knight
  9992 | Bailey   | Killed an orc knight
  9993 | Bailey   | Reached skill level 5 in Fighting
  9993 | Bailey   | Reached skill level 5 in Spellcasting
  9993 | Bailey   | Reached skill level 8 in Earth Magic
 10107 | Bailey   | Found a bloodstained altar of Trog.
 10459 | D:7      | Noticed a deep elf pyromancer
 10611 | D:7      | HP: 1/60 [steam dragon (11)]
 10611 | D:7      | Slain by a steam dragon

Illustrated notes

Levels and vault maps discovered:
D:1:      dpeg_arrival_prison, layout_loops_corners, serial_forest,
          infiniplex_forest_corner_2, infiniplex_forest_lined_2,
          infiniplex_forest_split, infiniplex_forest_end_1,
          infiniplex_forest_clump_small, basic_ecumenical_altar
D:2:      layout_loops_cross, basic_altar
D:3:      layout_basic, uniq_robin
D:4:      layout_basic
D:5:      minmay_diamond_boxcup, layout_loops_ring, uniq_blork_the_orc
D:6:      layout_loops_ring, ebering_ghost_reflecting_pool, dk_noncrumbling_4,
          minmay_door_square, chequers_serial_rivers_micro_b,
          minmay_misc_feat_tiny
D:7:      hangedman_cross_stitches, layout_cave_pools,
          minmay_temple_entry_fiery, enter_bailey_2
D:8:      layout_loops_cross, lemuel_zombie_altar_kikubaaqudgha,
          grunt_ministairs_10, uniq_erica

Skill      XL: |  1  2  3  4  5  6  7  8  9 |
---------------+----------------------------+-----
Fighting       | 1 2 3 4 5 |  5.2
Conjurations   | 1 2 3 4 5 7 |  7.2
Earth Magic    | 4 5 7 8 |  8.2
Spellcasting   | 3 4 5 |  5.3
Dodging        | |  2.5
Stealth        | |  2.6
Transmutations | |  1.8

Action                   |  1- 3 |  4- 6 |  7- 9 || total
-------------------------+-------+-------+-------++-------
Melee: Unarmed           |    80 |     9 |       ||    89
       Constrict         |    17 |    12 |    17 ||    46
       Tentacles         |    14 |     6 |    14 ||    34
       Dagger            |       |    26 |    53 ||    79
       Spear             |       |       |    57 ||    57
       Hand axe          |       |       |     7 ||     7
Throw: Throwing net      |       |     2 |     3 ||     5
       Dart              |       |       |     6 ||     6
 Cast: Sandblast         |    24 |    60 |    48 ||   132
       Passwall          |       |     1 |       ||     1
       Stone Arrow       |       |       |    42 ||    42
  Use: Scroll            |       |     6 |     1 ||     7
       Potion            |       |       |     2 ||     2
 Stab: Sleeping          |     9 |     2 |     4 ||    15
Armor: Skin              |    11 |     3 |     3 ||    17
Dodge: Dodged            |    41 |    37 |    71 ||   149
